 Dungeon Crawl Stone Soup version 0.19.1-28-ge1247f7 (webtiles) character file.

392 RUZZLEFAZAZZLE the Slasher (level 6, 0/35 HPs)
             Began as a Vine Stalker Berserker on Jan 22, 2017.
             Was a Priest of Trog.
             Slain by Eustachio
             ... wielding a +2 falchion of slicing
              (1 damage)
             ... on level 4 of the Dungeon.
             The game lasted 00:07:47 (2650 turns).

RUZZLEFAZAZZLE the Slasher (Vine Stalker Berserker) Turns: 2650, Time: 00:07:48

Health: 0/35       AC:  9    Str: 22      XL:     6   Next: 80%
Magic:  0/16       EV:  3    Int:  7      God:    Trog [***...]
Gold:   157        SH: 12    Dex: 11 (13) Spells: 0 memorised, 5 levels left

rFire  . . .     SeeInvis .     a - +0 falchion
rCold  . . .     Gourm    .     j - +0 chain mail
rNeg   . . .     Faith    .     h - +0 large shield
rPois  .         Spirit   +     (no helmet)
rElec  .         Reflect  .     (no cloak)
rCorr  .         Harm     .     (no gloves)
MR     ++...                    o - +0 pair of boots
Stlth  ..........               (no amulet)
                                k - ring of magical power
                                g - ring of stealth

@: exhausted, flying, regenerating, slowed, very slow
A: fangs 2, regeneration 1, magic shield, antimagic bite, no device heal 3, rot
immunity
a: Berserk, Trog's Hand, Burn Spellbooks, Renounce Religion


You were on level 4 of the Dungeon.
You worshipped Trog.
Trog was most pleased with you.
You were very hungry.

You visited 1 branch of the dungeon, and saw 4 of its levels.

You collected 157 gold pieces.

Inventory:

Hand Weapons
 a - a +0 falchion (weapon)
Missiles
 m - 3 tomahawks (quivered)
Armour
 h - a +0 large shield (worn)
 j - a +0 chain mail (worn)
 o - a +0 pair of boots (worn)
Jewellery
 g - a ring of stealth (left hand)
 k - a ring of magical power (right hand)
 p - an uncursed ring of stealth
Wands
 n - a wand of slowing (31/48)
Scrolls
 d - a scroll of blinking {unknown}
 e - 7 scrolls of remove curse
Potions
 i - a potion of berserk rage
 l - a potion of might {unknown}
Comestibles
 b - 6 chunks of flesh
 c - 3 bread rations
 f - a beef jerky


   Skills:
 + Level 4.8 Fighting
 + Level 5.4 Long Blades
 - Level 1.5 Armour
 - Level 1.5 Dodging


You had 5 spell levels left.
You didn't know any spells.

Dungeon Overview and Level Annotations

Branches:
Dungeon (4/15)
 Temple: D:4-7

Altars:
Kikubaaqudgha

Annotations:
D:4 Eustachio


Innate Abilities, Weirdness & Mutations

You have extremely sharp teeth.
Your natural rate of healing is unusually fast.
When hurt, damage is shared between your health and your magic reserves.
Your bite disrupts and absorbs the magic of your enemies.
Potions and wands cannot restore your health.
You are immune to rotting.


Message History

You are feeling very hungry.
You block Eustachio's attack.
The ufetubus hits you but does no damage. x2
You block the river rat's attack.
The ufetubus hits you but does no damage. x2
Eustachio hits you with a falchion of slicing.
* * * LOW HITPOINT WARNING * * *
x2 You block the shadow imp's attack.
The iron imp hits you.
* * * LOW HITPOINT WARNING * * *
The river rat bites you but does no damage.
It was a potion of flight.
You feel very buoyant.
You fly up into the air.
The ufetubus hits you but does no damage.
You block the ufetubus's attack.
Eustachio falters for a moment.
You block the ufetubus's attack. x2
The shadow imp hits you but does no damage.
Eustachio hits you with a falchion of slicing.
* * * LOW HITPOINT WARNING * * *
You die...

# #..............+....+.....
.................#....##....
#......)..##.....#..........
###.......##.....#..........
#..####'##.....#..........
#........#....####+##.....
[.........r........ #..##.
##.......@55........##..##.
.........@r#.#............
........5..# # ....####...
...........# ... #......
...........# .. #......
..#.....[.# . #......
#######....... .#......
...........#....#'
...........#....#.
P..##...#.#....#.


You could see Eustachio, an iron imp, a river rat, a shadow imp, an ufetubus and
a quokka.

Vanquished Creatures
  Blork the orc (D:4)
  A bullfrog (D:3)
  An orc priest (D:3)
  A hound (D:4)
  Natasha (twice) (D:2)
  3 gnolls (D:4)
  4 adders
  2 worms
  3 dart slugs (D:2)
  2 leopard geckos
  8 orcs (D:3)
  8 bats
  5 giant cockroaches
  3 goblins
  6 hobgoblins
  4 jackals (D:3)
  8 kobolds
  2 ball pythons
  5 frilled lizards
  10 rats
79 creatures vanquished.

Notes
Turn   | Place    | Note
-------+----------+-------------------------------------------
     0 | D:1      | RUZZLEFAZAZZLE the Vine Stalker Berserker began the quest for the Orb.
     0 | D:1      | Reached XP level 1. HP: 11/11 MP: 2/2
   320 | D:1      | Reached skill level 3 in Long Blades
   743 | D:1      | Reached XP level 2. HP: 15/16 MP: 3/3
  1123 | D:2      | Reached XP level 3. HP: 17/19 MP: 4/4
  1133 | D:2      | Reached ** piety under Trog
  1514 | D:2      | Noticed Natasha
  1518 | D:2      | Killed Natasha
  1518 | D:2      | Reached skill level 4 in Long Blades
  1518 | D:2      | Gained mutation: Your natural rate of healing is unusually fast. [Vine Stalker growth]
  1518 | D:2      | Reached XP level 4. HP: 24/24 MP: 5/5
  1689 | D:2      | Noticed Natasha
  1706 | D:2      | Killed Natasha
  1981 | D:3      | Reached XP level 5. HP: 17/28 MP: 3/6
  2293 | D:3      | Reached *** piety under Trog
  2374 | D:3      | Reached skill level 5 in Long Blades
  2374 | D:3      | Reached XP level 6. HP: 31/33 MP: 7/7
  2441 | D:4      | Found an ancient bone altar of Kikubaaqudgha.
  2448 | D:4      | Noticed Blork the orc
  2456 | D:4      | Killed Blork the orc
  2628 | D:4      | Noticed Eustachio
  2649 | D:4      | HP: 1/35 [iron imp[Eustachio] (2)]
  2650 | D:4      | Slain by Eustachio

Skill      XL: |  1  2  3  4  5 |
---------------+----------------+-----
Long Blades    | 3 4 5 |  5.4
Fighting       | 3 4 |  4.8
Armour         | |  1.5
Dodging        | |  1.5

Action                   |  1- 3 |  4- 6 || total
-------------------------+-------+-------++-------
Melee: Falchion          |    63 |   198 ||   261
       Bite              |    22 |    67 ||    89
Invok: Berserk           |       |     3 ||     3
       Trog's Hand       |       |     1 ||     1
  Use: Scroll            |     4 |     2 ||     6
       Potion            |     3 |     1 ||     4
  Eat: Chunk             |     2 |     6 ||     8
Armor: Animal skin       |    14 |       ||    14
       Ring mail         |     1 |     9 ||    10
       Leather armour    |     1 |       ||     1
       Chain mail        |       |   111 ||   111
Dodge: Dodged            |    38 |    28 ||    66
Block: Large shield      |     1 |   156 ||   157
       Rpst.: Falchion   |    15 |    10 ||    25
